 Dungeon Crawl Stone Soup version 0.27.0-1-g7a089689b8 (webtiles) character file.

Game seed: 13231327519096981924

237 pkoi the Ruffian (level 5, -11/52 HPs)
             Began as a Troll Gladiator on Aug 6, 2021.
             Mangled by a tentacled starspawn (27 damage)
             ... on level 1 of the Abyss.
             The game lasted 00:02:43 (3546 turns).

pkoi the Ruffian (Troll Gladiator)                  Turns: 3546, Time: 00:02:44

Health: -11/52     AC:  4    Str: 23    XL:     5   Next: 77%
Magic:  4/4        EV: 10    Int:  4    God:
Gold:   230        SH:  0    Dex: 11    Spells: 4/4 levels left

rFire    . . .     SeeInvis .     - Unarmed
rCold    . . .     Faith    .   (no shield)
rNeg     . . .     Spirit   .   a - +0 robe
rPois    .         Reflect  .   b - +0 hat
rElec    .         Harm     .   (no cloak)
rCorr    .         Rampage  .   (gloves unavailable)
Will     .....                  (boots unavailable)
Stlth    +.........             (no amulet)
HPRegen  1.17/turn              r - ring of flight
MPRegen  0.09/turn              (no ring)

@: flying
A: large, unfitting armour, claws 3, regeneration 1, shaggy fur 1, tough skin 1
a: no special abilities


You were on level 1 of the Abyss.
You visited 1 branch of the dungeon, and saw 4 of its levels.
You visited the Abyss 1 time.

You collected 230 gold pieces.

Inventory:

Missiles
 c - 3 throwing nets (quivered)
Armour
 a - a +0 robe (worn)
 b - a +0 hat (worn)
Jewellery
 r - a ring of flight (left claw)
Scrolls
 d - a scroll of magic mapping {unknown}
 f - 2 scrolls of fog {unknown}
 i - a scroll of teleportation {unknown}
 j - 3 scrolls of identify {unknown}
 l - a scroll of fear {unknown}
 n - a scroll of amnesia {unknown}
 o - a scroll of summoning {unknown}
 q - a scroll of enchant weapon {unknown}
Potions
 e - a potion of cancellation {unknown}
 g - a potion of flight {unknown}
 h - a potion of degeneration {unknown}
 k - a potion of attraction {unknown}
 m - 2 potions of invisibility {unknown}
 p - a potion of might {unknown}
 s - 2 potions of curing {unknown}


   Skills:
 + Level 2.8 Fighting
 - Level 1.7 Throwing
 + Level 3.3 Dodging
 * Level 5.1 Unarmed Combat


You had 4 spell levels left.
You didn't know any spells.
Your spell library contained the following spells:

 Spells                   Type           Power      Damage    Failure   Level
 Dazzling Flash           Conj/Hex       0%         N/A       86%         3
 Gell's Gravitas          Tloc           0%         N/A       86%         3
 Portal Projectile        Hex/Tloc       0%         N/A       86%         3
 Teleport Other           Tloc           0%         N/A       86%         3
 Iskenderun's Mystic Bla  Conj/Tloc      0%         2d3       99%         4
 Blade Hands              Tmut           0%         N/A       100%        5
 Excruciating Wounds      Necr           0%         N/A       100%        5
 Dispersal                Tloc           0%         N/A       100%        6
 Starburst                Conj/Fire      0%         8x6d3     100%        6


Dungeon Overview and Level Annotations

Branches:
Dungeon (4/15)
 Temple: D:4-7

Altars:

Shops:
D:2 ((

Annotations:
D:4 Crazy Yiuf


Innate Abilities, Weirdness & Mutations

You are too large for most types of armour.
You have claws for hands.
Your natural rate of healing is unusually fast.
You are covered in fur. (AC +1)
You have tough skin. (AC +1)


Message History

You feel sick.
You feel sick.
Unknown command.
Unknown command.
You feel sick.
You feel sick.
There is an open translucent door here.
You feel sick.
You feel sick.
You feel sick.
You feel sick.
You are no longer poisoned.
Found a scroll labelled LAMEAT SELOS.
Found a corrupted altar of Lugonu.
j - 3 scrolls labelled LAMEAT SELOS (gained 1)
You start resting.
HP restored.
You start waiting.
A tentacled starspawn comes into view.
A tentacled starspawn is nearby!
A tentacled starspawn is nearby!
Unknown command.
A tentacle flies out from the starspawn's body!
A starspawn tentacle comes into view.
Found a gateway leading deeper into the Abyss.
There is a gateway leading deeper into the Abyss here.
You start waiting.
A tentacled starspawn is nearby!
The tentacled starspawn bites you!!
Ouch! That really hurt!
The tentacled starspawn tentacle-slaps you!
* * * LOW HITPOINT WARNING * * *
There is a gateway leading deeper into the Abyss, spattered with blood here.
You claw the tentacled starspawn!
The tentacled starspawn is lightly damaged.
You claw the tentacled starspawn!
The tentacled starspawn is moderately damaged.
The tentacled starspawn bites you!!
Ouch! That really hurt!
You die...

.. #. ....
. #######.
## #
........
#.####.## .
#. ..##..##
#.#.. #..♣
#....
#.....♣X♣♣
#X###
#.....♣♣@♣♣
#
#....♣♣♣.♣
#..###♣♣♣♣.
. X .#...♣.
# ####.#.
♣. # ##. ♣
. ♣ #. # .


You could see a tentacled starspawn.

Vanquished Creatures
  Blork the orc (D:4)
  A scorpion (D:4)
  An orc wizard (D:4)
  2 adders
  2 worms (D:4)
  6 orcs
  6 endoplasms
  A giant cockroach (D:2)
  7 goblins
  3 hobgoblins
  3 jackals (D:2)
  2 quokkas
  5 ball pythons
  5 bats
  2 frilled lizards
  4 kobolds
  A quokka skeleton (D:4)
  4 rats
56 creatures vanquished.

Vanquished Creatures (others)
  2 starspawn tentacles (Abyss:1)
2 creatures vanquished.

Grand Total: 58 creatures vanquished

Notes
Turn   | Place    | Note
-------+----------+-------------------------------------------
     0 | D:1      | pkoi the Troll Gladiator began the quest for the Orb.
     0 | D:1      | Reached XP level 1. HP: 19/19 MP: 0/0
   402 | D:1      | Reached XP level 2. HP: 27/28 MP: 1/1
   890 | D:2      | Reached XP level 3. HP: 35/35 MP: 2/2
   892 | D:2      | Found Jiveas's Weapon Boutique.
  1285 | D:2      | Found Epez Humei's Antique Weapon Shoppe.
  1375 | D:2      | Found a faded altar of an unknown god.
  2428 | D:4      | Noticed Blork the orc
  2432 | D:4      | Reached skill level 4 in Unarmed Combat
  2516 | D:4      | Killed Blork the orc
  2517 | D:4      | Reached XP level 4. HP: 31/44 MP: 3/3
  2567 | D:4      | Reached XP level 5. HP: 49/50 MP: 4/4
  2801 | D:4      | Found a runed translucent door.
  2802 | D:4      | Noticed Crazy Yiuf
  3248 | D:4      | Reached skill level 5 in Unarmed Combat
  3453 | D:4      | Cast into level 1 of the Abyss (Crazy Yiuf)
  3463 | Abyss:1  | Found a corrupted altar of Lugonu.
  3529 | Abyss:1  | Noticed a tentacled starspawn
  3546 | Abyss:1  | Mangled by a tentacled starspawn

Illustrated notes

Levels and vault maps discovered:
D:1:      heliophobic_arrival_battle_scene, layout_basic,
          kennysheep_nondescript, minivault_27, minmay_tall_x
D:2:      layout_loops_corners, serial_shops,
          nicolae_shop_competitors_out_of_business, nicolae_shop_statue_plus,
          shapermc_ecumenical_altar_mp_highgroup, kennysheep_decorative_pillar
D:3:      minmay_evil_eye, layout_rooms, serial_co_window_serial,
          co_window_of_opportunity_a, co_window_corner_a, co_window_paths_b,
          co_window_paths_a, co_window_paths_b, co_window_corner_a,
          co_window_paths_a, co_window_corner_a, co_window_paths_a,
          co_window_of_opportunity_b, co_window_paths_c,
          co_window_unsneaky_path_b, co_window_broadway_a, co_window_2corner,
          co_window_paths_c, glass_columns_a, glass_columns_c, glass_columns_c,
          glass_columns_b, glass_columns_a
D:4:      cheibrodos_old_hovel, layout_basic, uniq_crazy_yiuf_cottage,
          uniq_blork_the_orc
Abyss:1:  base:
D:3

Skill      XL: |  1  2  3  4  5 |
---------------+----------------+-----
Fighting       | 2 |  2.8
Unarmed Combat | 4 5 |  5.1
Dodging        | 3 |  3.3
Throwing       | |  1.7

Action                   |  1- 3 |  4- 6 || total
-------------------------+-------+-------++-------
Melee: Unarmed           |    94 |    35 ||   129
       Punch             |     2 |       ||     2
 Stab: Sleeping          |     4 |       ||     4
Armor: Robe              |    28 |    10 ||    38
Dodge: Dodged            |    54 |    10 ||    64
